 Dungeon Crawl Stone Soup version 0.31-a0-237-g2d982f9f85 (webtiles) character file.

Game seed: 10915550067155132154

104 qw the Shooter (level 4, -1/36 HPs)
             Began as a Minotaur Hexslinger on July 10, 2023.
             Slain by Sigmund
             ... wielding a +0 scythe
              (5 damage)
             ... on level 2 of the Dungeon.
             The game lasted 00:00:40 (1233 turns).

qw the Shooter (Minotaur Hexslinger)                Turns: 1233, Time: 00:00:40

Health: -1/36      AC:  5    Str: 13    XL:     4   Next: 52%
Magic:  4/4        EV: 11    Int: 10    God:
Gold:   83         SH:  0    Dex: 14    Spells: 4/5 levels left

rFire   . . .        Y - +1 sling
rCold   . . .        (no shield)
rNeg    . . .        e - +0 ring mail
rPois   .            (helmet restricted)
rElec   .            (no cloak)
rCorr   .            (no gloves)
SInv    .            (no boots)
Will    .....        (no amulet)
Stlth   +            (no ring)
HPRegen 0.26/turn    (no ring)
MPRegen 0.09/turn

%: no passive effects
@: no status effects
A: horns 2, retaliatory headbutt
a: no special abilities


You were on level 2 of the Dungeon.
You visited 1 branch of the dungeon, and saw 2 of its levels.

You collected 83 gold pieces.


Innate Abilities, Weirdness & Mutations

You have a pair of horns on your head.
You reflexively headbutt those who attack you in melee.


   Skills:
 - Level 2.0 Fighting
 + Level 4.9 Ranged Weapons
 - Level 1.0 Armour
 - Level 2.1 Dodging
 - Level 1.0 Spellcasting
 - Level 2.0 Hexes


You had 4 spell levels left.
You knew the following spells:

 Your Spells              Type           Power      Damage    Failure   Level
a - Slow                  Hex            16%        N/A       32%         1

Your spell library contained the following spells:

 Spells                   Type           Power      Damage    Failure   Level
 Inner Flame              Hex/Fire       2%         N/A       82%         3
 Portal Projectile        Hex/Tloc       4%         N/A       82%         3
 Cause Fear               Hex            2%         N/A       97%         4

Inventory:

Hand Weapons
 Y - a +1 sling (weapon)
Armour
 b - a +1 pair of gloves
 e - a +0 ring mail (worn)
 j - a +0 cloak
Jewellery
 f - the ring of Gozag's Pride {rF+ rC+}
   (You found it on level 2 of the Dungeon)

   [ring of protection from cold]

   rF:        It protects you from fire.
   rC:        It protects you from cold.
Scrolls
 a - 2 scrolls of enchant armour {unknown}
 c - a scroll of identify {unknown}
 k - 3 scrolls of blinking {unknown}
Potions
 d - a potion of curing
 g - a potion of ambrosia {unknown}
 h - a potion of mutation {unknown}
 i - a potion of heal wounds {unknown}
 l - a potion of might {unknown}

Dungeon Overview and Level Annotations

Branches:
Dungeon (2/15)

Altars:

Annotations:
D:2 Sigmund


Message History

Enter note:
Enter note:
Enter note:
Enter note:
Enter note: You shoot a sling bullet.
The sling bullet barely misses Sigmund.
Sigmund barely misses you.
You shoot a sling bullet. The sling bullet hits Sigmund.
Sigmund is lightly wounded.
Sigmund casts a spell at you.
You are confused.
1222 ||| DRINKING 2 potions of curing.
You feel better.
1222 ||| (to cure confusion) Sigmund barely misses you.
You shoot a sling bullet. The sling bullet barely misses Sigmund.
Sigmund mumbles some strange words.
Sigmund flickers and vanishes!
Deactivating autopickup; reactivate with Ctrl-A.
You shoot a sling bullet. Something hits you.
You shoot a sling bullet. Something hits you but does no damage.
You shoot a sling bullet. You shoot a sling bullet. Something hits you!
You shoot a sling bullet.
You hear some strange, mumbled words.
You are confused.
You shoot a sling bullet. Something hits you!
You shoot a sling bullet. Something hits you!
You shoot a sling bullet. Something hits you but does no damage.
You shoot a sling bullet.
You feel less confused. Something hits you!
You shoot a sling bullet. Something hits you.
You die...

..P777P.# ##.7777.###
.# .....P..... PP##
.....##.... ..# ######
..P..# .P ..# #....#
77P).# +.P 777.# #.##.#
777..## .#.P7..P#
#.#..# PP.P..#
....PP.P### #.#..#
7.....# #...P.@..#
#.#..# ......#
###.{P7..## #.#.##
#####)# #.7777.%#
#.#.##### #.# #...PP..#
#.#...... #.# #...P.##
#.######. #.#
####....######.# #. #.#
...............# #.
#.#####################
#. #..........# #.


There were no monsters in sight!

Vanquished Creatures
  A gnoll (D:2)
  2 adders (D:2)
  2 worms (D:2)
  4 dart slugs
  4 bats
  5 endoplasms
  2 giant cockroaches (D:2)
  7 goblins
  2 hobgoblins
  6 jackals
  3 kobolds
  4 quokkas
  6 ball pythons
  2 frilled lizards
  7 rats
57 creatures vanquished.

Notes
Turn   | Place    | Note
-------+----------+-------------------------------------------
     0 | D:1      | qw the Minotaur Hexslinger began the quest for the Orb.
     0 | D:1      | Reached XP level 1. HP: 16/16 MP: 1/1
     0 | D:1      | 0 ||| qw: Version: 0.3-a-52-g30416fa
     0 | D:1      | 0 ||| qw: Game counter: 5089
     0 | D:1      | 0 ||| qw: Melee chars always use a shield: true
     0 | D:1      | 0 ||| qw: God list: Okawaru
     0 | D:1      | 0 ||| qw: Allow faded altars: false
     0 | D:1      | 0 ||| qw: Do Orc after clearing Dungeon:15 true
     0 | D:1      | 0 ||| qw: Do second Lair branch before Depths: true
     0 | D:1      | 0 ||| qw: Lair rune preference: random
     0 | D:1      | 0 ||| qw: Goals: Normal
     0 | D:1      | 0 ||| PLANNING D:1-11
   186 | D:1      | Reached skill level 3 in Ranged Weapons
   186 | D:1      | Reached XP level 2. HP: 23/23 MP: 2/2
   390 | D:1      | Reached XP level 3. HP: 29/29 MP: 3/3
   716 | D:1      | 716 ||| UPGRADING to +0 ring mail.
   726 | D:1      | 726 ||| DROPPING +0 robe.
   727 | D:1      | 727 ||| READING 3 scrolls labelled LUESAUSK ZOLESO.
   728 | D:1      | 728 ||| READING scroll labelled PUNNOO JUV ZEA.
   729 | D:1      | 729 ||| DRINKING 3 black potions.
   730 | D:1      | 730 ||| DROPPING 2 scrolls of fear.
   731 | D:1      | 731 ||| DROPPING scroll of poison.
   768 | D:2      | Reached skill level 4 in Ranged Weapons
   815 | D:2      | Reached skill level 1 in Armour
   873 | D:2      | Identified the ring of Gozag's Pride {rF+ rC+}
   972 | D:2      | Reached XP level 4. HP: 36/36 MP: 4/4
  1215 | D:2      | Noticed Sigmund
  1222 | D:2      | 1222 ||| DRINKING 2 potions of curing.
  1222 | D:2      | 1222 ||| (to cure confusion)
  1232 | D:2      | HP: 4/36 [something (9)]
  1233 | D:2      | Slain by Sigmund

Levels and vault maps discovered:
D:1:      kilobyte_arrival_exit_the_forest, layout_basic
D:2:      layout_basic, serial_forest, infiniplex_forest_end_3,
          infiniplex_forest_clump_small, infiniplex_forest_corner_1,
          infiniplex_forest_clump_small, infiniplex_forest_clump_double,
          minmay_3d_cube, uniq_jessica, uniq_sigmund

Skill      XL: |  1  2  3 |
---------------+----------+-----
Ranged Weapons | 3 4 |  4.9
Fighting       | 2 |  2.0
Armour         | 1 |  1.0
Dodging        | |  2.1
Spellcasting   | |  1.0
Hexes          | |  2.0

Action                     |  1- 3 |  4- 6 || total
---------------------------+-------+-------++-------
   Fire: Sling             |   110 |    64 ||   174
    Use: Scroll            |     2 |       ||     2
         Potion            |     1 |     1 ||     2
 Armour: Robe              |     7 |       ||     7
         Ring mail         |     4 |     6 ||    10
  Dodge: Dodged            |    17 |    21 ||    38

Table legend:
 A = Non-vault XP
 B = Vault XP
 C = Vault XP percentage of total XP
 D = Non-vault monster count
 E = Vault monster count
 F = Vault count percentage of total count
                 A         B        C        D         E       F
            +---------+---------+-------+---------+---------+-------
      Total |     127 |      22 |  14.8 |      52 |       5 |   8.8
            +---------+---------+-------+---------+---------+-------
        D:1 |      59 |       0 |   0.0 |      32 |       0 |   0.0
        D:2 |      68 |      22 |  24.4 |      20 |       5 |  20.0
            +---------+---------+-------+---------+---------+-------
